 Dungeon Crawl Stone Soup version 0.19.5 (webtiles) character file.

219 JeffiDaFish the Shield-Bearer (level 5, -4/33 HPs)
             Began as a Gargoyle Fighter on May 27, 2017.
             Slain by a gnoll
             ... wielding a +0 halberd
              (12 damage)
             ... on level 3 of the Dungeon.
             The game lasted 00:04:43 (2757 turns).

JeffiDaFish the Shield-Bearer (Gargoyle Fighter)    Turns: 2757, Time: 00:04:44

Health: -4/33      AC: 17    Str: 19    XL:     5   Next: 96%
Magic:  5/5        EV:  3    Int:  9    God:
Gold:   191        SH:  7    Dex: 10    Spells: 0 memorised, 4 levels left

rFire  . . .     SeeInvis .     a - +2 flail
rCold  . . .     Gourm    +     o - +0 plate armour
rNeg   + . .     Faith    .     k - -2 shield (curse)
rPois  ∞         Spirit   .     (no helmet)
rElec  +         Reflect  .     g - +0 cloak
rCorr  .         Harm     .     (no gloves)
MR     .....                    (no boots)
Stlth  ..........               e - amulet of the gourmand
                                (no ring)
                                (no ring)

@: no status effects
A: negative energy resistance 1, electricity resistance, unbreathing,
petrification resistance, rot immunity, AC +4
a: no special abilities


You were on level 3 of the Dungeon.
You were very full.

You visited 1 branch of the dungeon, and saw 3 of its levels.
You also visited: Sewer.

You collected 191 gold pieces.

Inventory:

Hand Weapons
 a - a +2 flail (weapon)
Armour
 c - a +0 shield
 g - a +0 cloak (worn)
 k - a cursed -2 shield (worn)
 o - a +0 plate armour (worn)
Jewellery
 e - an amulet of the gourmand (around neck)
Scrolls
 l - a scroll of identify
Potions
 b - 2 potions of flight
 d - a potion of might
 j - a potion of cure mutation
 p - a potion of heal wounds
Comestibles
 f - 3 bread rations
 h - 3 fruits
 m - a meat ration
 n - a beef jerky
 q - a slice of pizza


   Skills:
 + Level 4.1 Fighting
 + Level 4.0 Maces & Flails
 + Level 4.1 Armour
 + Level 0.1 Dodging
 + Level 0.2 Stealth
 + Level 4.5 Shields


You had 4 spell levels left.
You didn't know any spells.

Dungeon Overview and Level Annotations

Branches:
Dungeon (3/15)

Altars:
Ru


Innate Abilities, Weirdness & Mutations

You are resistant to torment.
Your stone body is resilient. (AC +4)
You are immune to poison.
You resist negative energy. (rN+)
You are resistant to electric shocks. (rElec)
You can survive without breathing.
You are immune to petrification.
You are immune to rotting.


Message History

The gnoll hits you but does no damage. You block the gnoll's attack.
The gnoll hits you but does no damage.
You hit the gnoll.
You kill the gnoll!
The gnoll hits you from afar with a halberd.
The gnoll hits you with a halberd!
* * * LOW HITPOINT WARNING * * *
Things that are here:
a spear; a gnoll corpse You are too injured to fight recklessly!
You hit the gnoll.
The gnoll is heavily wounded.
You block the gnoll's attack.
Your shield and plate armour prevent you from hitting the gnoll.
The gnoll is heavily wounded.
You block the gnoll's attack.
Your shield prevents you from hitting the gnoll.
The gnoll is heavily wounded.
You block the gnoll's attack. The gnoll hits you with a halberd!
You die...

#.#..........# ###.#...#..
#.#....(....##....[. .....
#.....(..(.......... #.
#.......#(...$.$.... #.
#.......#..##......) ##
###.###.###g..#...?... #
#......).##K#.........
#(.......##g##..############
#........##@##..## ##.....
#........##.##...#####......
#........##.####....#.......
#......().....##.##.........
#........##..........##....#
#........###.##.#.##.##....#
#..........#.#....##........
#######.##.≈##.#####..#....>
#.##.≈≈###..≈##.......


You could see 2 gnolls and a kobold.

Vanquished Creatures
  A big kobold (Sewer)
  6 adders
  2 gnolls
  2 worms
  3 dart slugs
  4 leopard geckos
  A ball python (D:3)
  6 giant cockroaches
  2 goblins
  6 hobgoblins
  7 jackals
  10 kobolds
  2 quokkas (D:2)
  4 bats (D:1)
  A frilled lizard (D:1)
  8 rats
65 creatures vanquished.

Notes
Turn   | Place    | Note
-------+----------+-------------------------------------------
     0 | D:1      | JeffiDaFish the Gargoyle Fighter began the quest for the Orb.
     0 | D:1      | Reached XP level 1. HP: 14/14 MP: 1/1
   439 | D:1      | Reached XP level 2. HP: 16/19 MP: 2/2
   809 | D:1      | Reached XP level 3. HP: 23/23 MP: 3/3
  1368 | D:2      | Found a sacrificial altar of Ru.
  1418 | D:2      | Reached XP level 4. HP: 24/28 MP: 4/4
  2423 | D:3      | Found a glowing drain.
  2428 | D:3      | Reached XP level 5. HP: 30/33 MP: 5/5
  2454 | Sewer    | Entered a sewer
  2518 | Sewer    | Noticed a big kobold
  2554 | Sewer    | Killed a big kobold
  2596 | Sewer    | Found a white marble altar of Elyvilon.
  2757 | D:3      | Slain by a gnoll

Skill      XL: |  1  2  3  4  5 |
---------------+----------------+-----
Shields        | 4 |  4.5
Maces & Flails | 3 4 |  4.0
Fighting       | 4 |  4.1
Armour         | 4 |  4.1
Dodging        | |  0.1
Stealth        | |  0.2

Action                   |  1- 3 |  4- 6 || total
-------------------------+-------+-------++-------
Melee: Flail             |   109 |   172 ||   281
  Use: Scroll            |     3 |     2 ||     5
       Potion            |     1 |     4 ||     5
  Eat: Chunk             |    16 |     4 ||    20
Armor: Scale mail        |    59 |    37 ||    96
       Plate armour      |       |   103 ||   103
Dodge: Dodged            |    34 |    36 ||    70
Block: Shield            |    60 |    55 ||   115
